 Dungeon Crawl Stone Soup version 0.31.0-11-ge490571c62 (webtiles) character file.

Game seed: 104399602825603991

7 qw the Shooter (level 1, 0/10 HPs)
             Began as a Spriggan Hunter on Feb 4, 2024.
             Succumbed to their own poison gas
             ... on level 1 of the Dungeon.
             The game lasted 00:00:02 (520 turns).

qw the Shooter (Spriggan Hunter)                     Turns: 520, Time: 00:00:02

Health: 0/10       AC:  2    Str:  7    XL:     1   Next: 91%
Magic:  2/2        EV: 19    Int: 10    God:
Gold:   75         SH:  0    Dex: 24    Spells: 0/0 levels left

rFire   x . .        a - +0 shortbow
rCold   . . .        (shield currently unavailable)
rNeg    . . .        c - +0 robe
rPois   .            (helmet restricted)
rElec   .            (no cloak)
rCorr   .            (gloves unavailable)
SInv    +            (boots unavailable)
Will    .....        (no amulet)
Stlth   ++           e - ring of Suest {+Blink rF- Dex+6 Slay+2}
HPRegen 0.21/turn    (no ring)
MPRegen 0.08/turn

%: no passive effects
@: lethally poisoned (0 -> -11), very quick
A: very small, no large weapons, unfitting armour, see invisible, speed 3
a: Evoke Blink


You were on level 1 of the Dungeon.
You visited 1 branch of the dungeon, and saw 1 of its levels.

You collected 75 gold pieces.


Innate Abilities, Weirdness & Mutations

You are very small and have problems with some larger weapons.
You are too small for most types of armour.
You have supernaturally acute eyesight. (SInv)
You cover ground extremely quickly. (Speed+++)


   Skills:
 - Level 1.5 Fighting
 - Level 4.0 Ranged Weapons
 + Level 3.6 Dodging
 - Level 1.5 Stealth


You couldn't memorise any spells.
You didn't know any spells.
Your spell library was empty.

Inventory:

Hand Weapons
 a - a +0 shortbow (weapon)
Armour
 c - a +0 robe (worn)
Jewellery
 e - the ring of Suest (left hand) {+Blink rF- Dex+6 Slay+2}
   (You acquired it on level 1 of the Dungeon)

   [ring of dexterity]

   Dex+6:     It affects your dexterity (+6).
   Slay+2:    It affects your accuracy & damage with ranged weapons and melee
   (+2).
   rF-:       It makes you vulnerable to fire.
   +Blink:    It lets you blink.
Wands
 g - a wand of flame (24)
Potions
 f - a potion of berserk rage {unknown}
 k - a potion of lignification {unknown}

Dungeon Overview and Level Annotations

Branches:
Dungeon (1/15)

Altars:


Message History

512 ||| ACQUIRING ring of Suest {+Blink rF- Dex+6 Slay+2} Something appears at your feet!
e - the ring of Suest {+Blink rF- Dex+6 Slay+2}
514 ||| UPGRADING to ring of Suest {+Blink rF- Dex+6 Slay+2}.
You feel agile.
e - the ring of Suest (left hand) {+Blink rF- Dex+6 Slay+2} Done exploring.
515 ||| READING scroll labelled VUHUCUFOIM.
As you read the scroll labelled VUHUCUFOIM, it crumbles to dust.
You assume a fearsome visage.
Nothing appears to happen.
It was a scroll of fear.
Done exploring.
516 ||| DROPPING scroll of butterflies.
You drop a scroll of butterflies.
Done exploring.
517 ||| DROPPING potion of brilliance.
You drop a potion of brilliance.
Done exploring.
What level of the Dungeon? (default 1, ? - help) Sorry, I don't know how to get there.
Enter note:
Enter note:
Enter note:
Enter note:
Enter note:
Enter note:
Enter note:
Enter note:
Enter note:
Enter note:
Enter note:
Enter note: You are engulfed in poison gas.
You are lethally poisoned!
You feel very sick.
519 ||| Stepping ~*~*~tactically~*~*~ (cloud).
You feel sick.
There is an open door here.
Things that are here:
a potion of brilliance; a scroll of butterflies
There is a lethal amount of poison in your body!
You die...

...##...##...##...##...##########
....##.##.....##¤##.....##...####
.....''#.......#00.......#+#(....
....##.##.....##¤##.....##.##....
...##...##...##¤00##...##...##...
#'##.....##'##¤0¤¤0##'##(....+)..
...##...##...##¤¤¤##...##..)##...
....##.##.....##¤##.....##.##....
.>...#+#.......#@#...>...''#####.
....##.##.....##¤##.....##.##....
...##...##...##¤00##...##...##...
#'##.....##'##.0¤0.##'##.....'...
...##...##...##¤¤0##...##...##...
....##.##.....##0##.....##.##..##
.....''#.......#¤¤.......#'######
....##.##.....##.##.....##..##...
...##...##...##...##...####.##...


There were no monsters in sight!

Vanquished Creatures
  2 ball pythons (D:1)
  An endoplasm (D:1)
  A goblin (D:1)
  A hobgoblin (D:1)
  A frilled lizard (D:1)
6 creatures vanquished.

Notes
Turn   | Place    | Note
-------+----------+-------------------------------------------
     0 | D:1      | qw the Spriggan Hunter began the quest for the Orb.
     0 | D:1      | Reached XP level 1. HP: 10/10 MP: 2/2
     0 | D:1      | 0 ||| qw: Version: 0.3-a-160-g6735b56
     0 | D:1      | 0 ||| qw: Game counter: 5022
     0 | D:1      | 0 ||| qw: Melee chars always use a shield: true
     0 | D:1      | 0 ||| qw: God list: Okawaru
     0 | D:1      | 0 ||| qw: Allow faded altars: false
     0 | D:1      | 0 ||| qw: Do Orc after clearing Dungeon:15 true
     0 | D:1      | 0 ||| qw: Do second Lair branch before Depths: true
     0 | D:1      | 0 ||| qw: Lair rune preference: random
     0 | D:1      | 0 ||| qw: Goals: Normal
     0 | D:1      | 0 ||| PLANNING D:1-11
   159 | D:1      | Reached skill level 3 in Dodging
   232 | D:1      | Found a faded altar of an unknown god.
   510 | D:1      | 510 ||| READING scroll labelled YMMEIDWAHENA.
   510 | D:1      | 510 ||| IDENTIFYING grey potion
   511 | D:1      | 511 ||| READING scroll labelled JYWNUI DAZOO.
   512 | D:1      | 512 ||| READING scroll labelled XOCEFI TUOPS.
   512 | D:1      | Identified a scroll of acquirement
   512 | D:1      | 512 ||| ACQUIRING ring of Suest {+Blink rF- Dex+6 Slay+2}
   512 | D:1      | Acquired the ring of Suest {+Blink rF- Dex+6 Slay+2}
   514 | D:1      | 514 ||| UPGRADING to ring of Suest {+Blink rF- Dex+6
                  | Slay+2}.
   515 | D:1      | 515 ||| READING scroll labelled VUHUCUFOIM.
   516 | D:1      | 516 ||| DROPPING scroll of butterflies.
   517 | D:1      | 517 ||| DROPPING potion of brilliance.
   519 | D:1      | 519 ||| Stepping ~*~*~tactically~*~*~ (cloud).
   519 | D:1      | HP: 2/10 [poisoned by you (poison gas)]
   520 | D:1      | Succumbed to their own poison gas

Levels and vault maps discovered:
D:1:      reono_arrival_mine, layout_basic, hellmonk_ecumenical_altar_lost_god,
          nicolae_hexahallways

Skill      XL: |  1 |
---------------+----+-----
Dodging        | 3 |  3.6
Fighting       | |  1.5
Ranged Weapons | |  4.0
Stealth        | |  1.5

Action                     || total
---------------------------++-------
   Fire: Shortbow          ||    19
    Use: Scroll            ||     4
 Armour: Robe              ||     2
  Dodge: Dodged            ||     4

Table legend:
 A = Non-vault XP
 B = Vault XP
 C = Vault XP percentage of total XP
 D = Non-vault monster count
 E = Vault monster count
 F = Vault count percentage of total count
                 A         B        C        D         E       F
            +---------+---------+-------+---------+---------+-------
      Total |      11 |       0 |   0.0 |       6 |       0 |   0.0
            +---------+---------+-------+---------+---------+-------
        D:1 |      11 |       0 |   0.0 |       6 |       0 |   0.0
            +---------+---------+-------+---------+---------+-------
